 Dungeon Crawl Stone Soup version 0.28.0 (webtiles) character file.

Game seed: 4814053434499083235

2396 BorgnjorsVileCrotch the Cleaver (level 9, 0/76 HPs)
             Began as a Deep Dwarf Fighter on Feb 12, 2022.
             Was an Initiate of Ashenzari.
             Slain by Nergalle (18 damage)
             ... on level 10 of the Dungeon.
             The game lasted 00:06:57 (1194 turns).

BorgnjorsVileCrotch the Cleaver (DDFi)              Turns: 1194, Time: 00:06:58

Health: 0/76       AC: 10    Str: 26    XL:     9   Next: 22%
Magic:  7/7        EV:  8    Int:  9    God:    Ashenzari [......]
Gold:   163        SH: 10    Dex: 16    Spells: 8/8 levels left

rFire   . . .      SeeInvis .   k - +2 war axe (vorpal)
rCold   . . .      Faith    .   c - +0 buckler
rNeg    + . .      Spirit   .   b - +0 chain mail
rPois   .          Reflect  +   (no helmet)
rElec   .          Harm     .   (no cloak)
rCorr   +          Rampage  .   (no gloves)
Will    ++...                   o - +0 pair of boots
Stlth   ..........              f - amulet "Hauda" {Reflect Contam Will+ Str+2 Dex+4 SH+5}
HPRegen 0.00/turn               l - ring of positive energy
MPRegen 0.10/turn               i - ring "Tethered Anxiety" {rCorr, Melee, Bglg} (curse)

@: lethally poisoned (0 -> 0), marked
A: damage resistance, heal wounds, sense surroundings 2, no regeneration
a: Heal Wounds, Renounce Religion, Shatter the Chains


You were on level 10 of the Dungeon.
You worshipped Ashenzari.
Ashenzari was noncommittal.
You visited 1 branch of the dungeon, and saw 10 of its levels.

You collected 163 gold pieces.

Inventory:

Hand Weapons
 a - a +0 war axe
 k - a +2 vorpal war axe (weapon)
   (You found it on level 4 of the Dungeon)
Missiles
 q - a throwing net (quivered) {!f}
Armour
 b - a +0 chain mail (worn)
   (You took it off an orc warrior on level 8 of the Dungeon)
 c - a +0 buckler (worn)
 o - a +0 pair of boots (worn)
   (You found it on level 5 of the Dungeon)
 p - a +0 chain mail
   (You found it on level 6 of the Dungeon)
Jewellery
 f - the amulet "Hauda" (around neck) {Reflect Contam Will+ Str+2 Dex+4 SH+5}
   (You acquired it on level 6 of the Dungeon)

   [amulet of reflection]

   It reflects blocked missile attacks.
   Str:       It affects your strength (+2).
   Dex:       It affects your dexterity (+4).
   Contam:    It causes magical contamination when unequipped.
   SH:        It affects your SH (+5).
   Will:      It increases your willpower.
 i - the cursed ring "Tethered Anxiety" (right hand) {rCorr, Melee, Bglg}
   (You found it on level 3 of the Dungeon)

   [ring of resist corrosion]

   rCorr:     It protects you from acid and corrosion.
   It has a curse which improves the following skills: Melee Combat: Short
   Blades, Long Blades, Axes, Maces & Flails, Polearms, Staves and Unarmed
   Combat.
   Beguiling: Conjurations, Hexes and Translocations.
 l - a ring of positive energy (left hand)
   (You found it on level 3 of the Dungeon)
Scrolls
 g - 2 scrolls of noise
 h - 4 scrolls of identify {@r1}
 j - a scroll of teleportation {@r3 !r}
 n - 2 scrolls of fog {!r}
 r - a scroll of enchant armour {unknown}
Potions
 d - a potion of might {@q3 !q}
 e - 2 potions of curing {@q1 !q}
 m - a potion of invisibility


   Skills:
 - Level 3.5 Fighting
 + Level 12.8(13.2) Axes
 - Level 4.2 Armour
 - Level 4.2 Shields


You had 8 spell levels left.
You didn't know any spells.
Your spell library was empty.

Dungeon Overview and Level Annotations

Branches:
Dungeon (10/15)            Temple (0/1) D:7
   Lair: D:8-11         Orc: D:9-12

Altars:
Ashenzari
Gozag
Kikubaaqudgha

Shops:
D:5 :   D:6 *   D:10 :

Annotations:
D:10 Nergalle, Snorg


Innate Abilities, Weirdness & Mutations

You are resistant to damage.
You can heal yourself by infusing magical energy.
You passively map the area around you.
You do not regenerate.


Message History

You feel much better. You block the killer bee's attack.
You block the vampire mosquito's attack.
The vampire mosquito bites you.
The killer bee stings you but does no damage.
The killer bee barely misses you. Nergalle hits you but does no damage.
The vampire mosquito bites you. x2
You closely miss Nergalle.
Nergalle is heavily wounded.
You barely miss the killer bee. You slash the killer bee!
You barely miss the vampire mosquito. You miss the vampire mosquito.
You slash the wight! The killer bee barely misses you.
The killer bee closely misses you.
The vampire mosquito bites you but does no damage.
The vampire mosquito bites you!
The vampire mosquito draws strength from your injuries!
You block the killer bee's attack. Nergalle hits you but does no damage.
You block the killer bee's attack.
You block the vampire mosquito's attack.
You barely miss Nergalle.
Nergalle is heavily wounded.
You hit the wight. You hit the vampire mosquito.
You slash the vampire mosquito! You slash the killer bee!
You kill the killer bee!
You hit the killer bee.
You block the vampire mosquito's attack.
The killer bee stings you but does no damage.
The vampire mosquito bites you.
The vampire mosquito draws strength from your injuries!
You block the killer bee's attack. You block the wight's attack.
The vampire mosquito bites you.
Nergalle mutters something.
Nergalle barely misses you. The killer bee stings you.
You hit Nergalle but do no damage.
Nergalle is heavily wounded.
You hit the wight.
You hit the vampire mosquito but do no damage.
You slash the vampire mosquito!
You destroy the vampire mosquito!
You closely miss the killer bee. You completely miss the killer bee.
The killer bee stings you but does no damage.
You block the vampire mosquito's attack.
The killer bee stings you but does no damage.
The wight closely misses you. You block the killer bee's attack.
Nergalle hits you with a +0 dagger of electrocution.
You closely miss Nergalle.
Nergalle is heavily wounded.
You slash the wight!
You destroy the wight!
You hit the vampire mosquito. You barely miss the wight.
You miss the killer bee. x2
The vampire mosquito bites you but does no damage.
The killer bee stings you but does no damage.
The killer bee closely misses you. The vampire mosquito bites you!
The vampire mosquito draws strength from your injuries!
The killer bee barely misses you. The wight hits you but does no damage.
You feel much better. You block the killer bee's attack.
The vampire mosquito barely misses you. The killer bee barely misses you.
The killer bee closely misses you.
Nergalle points at you and mumbles some strange words.
Orcish apparitions take form around you.
The wight barely misses you. The vampire mosquito bites you.
The killer bee stings you! The wight hits you but does no damage.
You hit Nergalle but do no damage.
Nergalle is heavily wounded.
You closely miss the killer bee. You hit the killer bee. You hit the wight.
You slash the vampire mosquito!
You destroy the vampire mosquito!
You completely miss the wight. The killer bee stings you.
The killer bee stings you! You block the killer bee's attack.
Nergalle gestures at you while chanting.
Orcish apparitions take form around you.
The wight hits you with a +0 morningstar.
You partially resist.
You feel drained.
Snorg the Insatiable comes into view.
You block the wight's attack. The killer bee barely misses you.
Your life force feels restored.
You hit Nergalle.
Nergalle is severely wounded.
You miss the killer bee. x2; You hit the wight.
You barely miss the wight. You slash the wight! The killer bee stings you!
You are poisoned.
The killer bee poisons you! The killer bee barely misses you.
Nergalle hits you but does no damage. You block the killer bee's attack.
The wight hits you with a +0 morningstar.
The wight hits you but does no damage. The wight closely misses you.
The killer bee stings you.
You slash Nergalle!
Nergalle is almost dead.
You slash the wight!
You destroy the wight!
You closely miss the wight. You slash the wight!
You destroy the wight!
You closely miss the killer bee. You slash the killer bee!
You kill the killer bee!
You block the killer bee's attack.
A centaur comes into view.
The spectral orc knight hits you from afar with a +3 glaive!!
* * * LOW HITPOINT WARNING * * *
Nergalle hits you but does no damage.
You are electrocuted!!
You die...

* , ** * .., , ,, **
####.. , , * ,
##*###...T.## * ,
.###.##.......... ,,,
.......<........., *
?................#*
*,,
......Z..........#. ,
###Zz...#....... **
,, ..#.#@)....#......
, *
.....ZoZy....#......
#.......)#....c.....
##.......#..........
#........#..........
,,
#...................,
##...........#......,
, ##..........##...#.
, #...(.......#....#


You could see Snorg, Nergalle, a spectral orc (summoned), a spectral orc warrior
(summoned), 2 spectral orc knights, a centaur, a killer bee and a wight.

Vanquished Creatures
  2 vampire mosquitoes (D:10)
  Eustachio (D:6)
  2 steam dragons
  A water moccasin (D:7)
  An orc warrior (D:8)
  A sky beast (D:5)
  An ogre (D:4)
  2 centaurs
  A phantom (D:5)
  A kobold brigand (D:9)
  3 bullfrogs
  A scorpion (D:5)
  A gnoll sergeant (D:9)
  A water moccasin zombie (D:6)
  A water moccasin skeleton (D:5)
  2 killer bees (D:10)
  3 wights (D:10)
  A howler monkey (D:6)
  A bullfrog zombie (D:6)
  A jelly (D:5)
  3 hounds
  A gnoll shaman (D:7)
  An orc priest (D:8)
  3 iguanas
  2 orc wizards
  10 gnolls
  4 adders
  A shadow imp (D:6)
  An ufetubus (D:5)
  A worm (D:3)
  A dart slug (D:1)
  8 orcs
  A bat (D:1)
  4 endoplasms
  A giant cockroach (D:2)
  A hobgoblin (D:1)
  3 jackals (D:5)
  3 quokkas
  3 ball pythons
  A frilled lizard (D:1)
  5 kobolds
  4 rats
90 creatures vanquished.

Notes
Turn   | Place    | Note
-------+----------+-------------------------------------------
     0 | D:1      | BorgnjorsVileCrotch the Deep Dwarf Fighter began the quest
                  | for the Orb.
     0 | D:1      | Reached XP level 1. HP: 20/20 MP: 1/1
   158 | D:1      | Reached XP level 2. HP: 21/27 MP: 2/2
   259 | D:3      | Found a broken altar of Ashenzari.
   277 | D:3      | Reached skill level 3 in Fighting
   295 | D:3      | Became a worshipper of Ashenzari the Shackled
   347 | D:3      | Reached XP level 3. HP: 21/34 MP: 3/3
   497 | D:4      | Noticed an ogre
   504 | D:4      | Reached skill level 3 in Axes
   504 | D:4      | Killed an ogre
   505 | D:4      | Reached skill level 4 in Armour
   505 | D:4      | Reached skill level 4 in Shields
   505 | D:4      | Reached XP level 4. HP: 14/42 MP: 4/4
   505 | D:4      | Reached XP level 5. HP: 17/49 MP: 5/5
   505 | D:4      | Your magical essence is drained by the effort!
   509 | D:5      | Entered Level 5 of the Dungeon
   539 | D:5      | Found Luischo's Book Shoppe.
   562 | D:5      | Reached skill level 4 in Axes
   585 | D:5      | Reached skill level 5 in Axes
   585 | D:5      | Reached XP level 6. HP: 28/56 MP: 5/5
   632 | D:5      | Noticed a sky beast
   636 | D:5      | Killed a sky beast
   645 | D:5      | Reached skill level 6 in Axes
   670 | D:5      | Reached skill level 7 in Axes
   670 | D:5      | Reached XP level 7. HP: 26/62 MP: 6/6
   786 | D:6      | Reached skill level 8 in Axes
   804 | D:6      | Noticed a steam dragon
   813 | D:6      | Killed a steam dragon
   844 | D:6      | Reached skill level 9 in Axes
   885 | D:6      | Reached * piety under Ashenzari
   885 | D:6      | Identified a scroll of acquirement
   886 | D:6      | Acquired the amulet "Hauda" {Reflect Contam Will+ Str+2
                  | Dex+4 SH+5}
   896 | D:6      | Reached XP level 8. HP: 34/72 MP: 7/7
   936 | D:6      | Noticed Eustachio
   943 | D:6      | Killed Eustachio
   971 | D:6      | Reached skill level 10 in Axes
   979 | D:6      | Found an opulent altar of Gozag.
   979 | D:6      | Found Gozag's Platinum Reserve.
   984 | D:6      | Found an ancient bone altar of Kikubaaqudgha.
  1047 | D:7      | Found a staircase to the Ecumenical Temple.
  1068 | D:7      | Noticed a boulder beetle
  1081 | D:8      | Reached skill level 11 in Axes
  1121 | D:9      | Reached skill level 12 in Axes
  1121 | D:9      | Gained mutation: You passively map the area around you.
                  | [Deep Dwarf growth]
  1121 | D:9      | Reached XP level 9. HP: 43/76 MP: 8/8
  1146 | D:10     | Entered Level 10 of the Dungeon
  1146 | D:10     | Found Betzam's Book Emporium.
  1175 | D:10     | Noticed Nergalle
  1179 | D:10     | Your magical essence is drained by the effort!
  1192 | D:10     | Noticed Snorg
  1194 | D:10     | Slain by Nergalle

Illustrated notes

Levels and vault maps discovered:
D:1:      dpeg_chamrin_arrival_tetris, layout_loops_corners,
          shapermc_ecumenical_altar_petra
D:2:      layout_loops_ring, uniq_jessica
D:3:      layout_loops_cross, trog_butcher_becter, cheibrodos_ashenzari_chains,
          st_stairs_3, kennysheep_generic_room_10
D:4:      layout_loops_cross, tso_altar
D:5:      layout_gridville, serial_shops, kennysheep_mini, nicolae_shop_trees,
          shop, grunt_ministairs_2, serial_bayou_pond_d,
          minmay_fractal_squares_diagonal_5, uniq_blork_the_orc
D:6:      nicolae_cairo_tiling_very_big, layout_loops_ring,
          nicolae_gozag_zags_fifth_avenue, mainiacjoe_overflow_alcove_1,
          serial_rivers, chequers_serial_rivers_small_3,
          chequers_serial_rivers_small_b, chequers_serial_rivers_micro_c,
          chequers_serial_rivers_small_a, serial_shops, nicolae_take_the_stairs,
          uniq_eustachio
D:7:      layout_gridville, okawaru_altar_gauntlet_db,
          minmay_temple_entry_stoned_glass, ebering_ghost_reflecting_pool,
          kb_rosetta
D:8:      corexii_shantytown, layout_basic, mainiacjoe_overflow_24_doors
D:9:      layout_basic, mainiacjoe_overflow_brackets,
          mainiacjoe_overflow_boulevard, minmay_misc_feat_plants
D:10:     layout_cave_pools, beargit_hepliaklqana_dungeon_heroes,
          lair_entry_dummy, serial_shops, shop, uniq_snorg, uniq_nergalle

Skill      XL: |  1  2  3  4  5  6  7  8 |
---------------+-------------------------+-----
Fighting       | 3 |  3.5
Axes           | 3 5 7 9 12 | 12.8
Armour         | 4 |  4.2
Shields        | 4 |  4.2

Action                   |  1- 3 |  4- 6 |  7- 9 || total
-------------------------+-------+-------+-------++-------
Melee: War axe           |    72 |    35 |   120 ||   227
Invok: Curse Item        |       |     1 |     1 ||     2
       Shatter the Chain |       |       |     1 ||     1
 Abil: Heal Wounds       |     2 |     2 |    11 ||    15
  Use: Scroll            |       |       |     1 ||     1
Armor: Scale mail        |    38 |    16 |    48 ||   102
       Chain mail        |       |       |    30 ||    30
Dodge: Dodged            |    49 |    20 |    70 ||   139
Block: Buckler           |    25 |    12 |    81 ||   118
       Reflection        |       |       |     3 ||     3
